cohdb
Replays
Latest Replays
All Replays
Popular Replays
Top Player Replays
Match Explorer
How It Works
Community
CoH3 Stats
Reddit
Sign in to upload your games and track your stats! →
Sign in with Steam
Match 39444643
Unlisted
Match 39444643
Overview
Messages
Build Orders
End
Construct Section Command Post
Infantry Section
Infantry Section
Infantry Section
Grenade Package
Construct Field Infirmary
Selects Canadian Shock Battlegroup
Selects Attacking Spirit
Selects Canadian Shock Section
Vickers Machine Gun Team
Construct Platoon Command Post
Unlock M3 Stuart Light Tanks
Canadian Shock Section
M3 Stuart Light Tank
M3 Stuart Light Tank
M3 Stuart Light Tank
Infantry Training
Selects Smoke Operation
6-pounder Anti-tank Gun Team
Selects Burnout
Construct Company Command Post
6-pounder Anti-tank Gun Team
Unlock M3 Grant Medium Tanks
Selects Pyrotechnics
Burnout
M3 Grant Medium Tank
Foot Guards Section
M3 Grant Medium Tank
Canadian Shock Section
Smoke Operation
Unlock Towed 17-pounder Anti-tank Guns
Foot Guards Section
Hooper
ßoo
HeartySundew364
scottydoe
TAMORI
Cushlashed
Easy Eight
Noch
0
0
Comments
sign in to comment!
No comments posted yet!